AoeStats
← ĐẠI ĐÔ ĐỐC MẠNH ĐẠT

Arabia

516965412Analyzed
1v1 RM · 6d ago on Oct 28, 2026· 49m 32s· 2 players
Game mode
Random Map
Map size
Tiny (2 player)
Population
200
Speed
Normal
Resources
Standard
Victory
Conquest
Starting age
Dark Age
Ending age
Imperial Age
RankedLock teamsTeams togetherTeam positionsShared explorationLock speedFull tech treeHidden civsTurbo modeCheats
Victory
Defeat
🇩🇪 Vikings · Germany
1700
+19
vs
1758
-19
TheZeWall
5:58 Loom
9:04 Feudal Age
9:50 Double-Bit Axe
20:15 Fletching
24:35 Castle Age
23:07 Padded Archer Armor
24:36 Elite Skirmisher
25:13 Bodkin Arrow
25:34 Bow Saw
32:26 Ballistics
32:38 Leather Archer Armor
42:10 Horse Collar
43:49 Scale Mail Armor
47:58 Imperial Age
46:22 Heavy Plow
46:40 Chain Mail Armor
47:07 Gold Mining
47:51 Forging
48:02 Elite Varangian Guard
ĐẠI ĐÔ ĐỐC MẠNH ĐẠT
6:11 Loom
8:53 Feudal Age
9:24 Double-Bit Axe
11:40 Fletching
21:55 Castle Age
22:33 Bodkin Arrow
22:41 Padded Archer Armor
28:06 Caravan
37:30 Ballistics
40:16 Elite Skirmisher
42:24 Wheelbarrow
47:48 Imperial Age
46:09 Bow Saw
45:49 Gold Mining
45:40 Horse Collar
48:33 Bracer
49:35 Chemistry
Connection lost

Rejoining the realm…

Still unreachable

The connection could not be restored.

Session expired

The server has moved on; the page needs a fresh start.